 Seeded DCSS version 0.30.1-9-gdf580d7c3d (webtiles) character file.

Game seed: 9887545851992364394 (custom seed)

21 hawla the Cudgeller (level 3, -5/29 HPs)
             Began as a Meteoran Gladiator on Oct 22, 2023.
             Killed from afar by an orc wizard (11 damage)
             ... with a puff of flame
             ... on level 3 of the Dungeon.
             The game lasted 00:02:37 (199 turns).

hawla the Cudgeller (Meteoran Gladiator)             Turns: 199, Time: 00:02:37

Health: -5/29      AC:  4    Str: 18    XL:     3   Next: 20%
Magic:  4/4        EV: 13    Int:  9    God:
Gold:   29         SH:  0    Dex: 15    Spells: 2/2 levels left

rFire   . . .        a - +0 flail
rCold   . . .        (no shield)
rNeg    . . .        b - +0 leather armour
rPois   .            c - +0 helmet
rElec   .            (no cloak)
rCorr   .            (no gloves)
SInv    .            (no boots)
Will    .....        g - amulet of regeneration
Stlth   +            (no ring)
HPRegen 1.04/turn    (no ring)
MPRegen 0.09/turn

%: no passive effects
@: glowing
A: sense surroundings 1, otherworldly, glowing, explore regen
a: no special abilities


You were on level 3 of the Dungeon.
You visited 1 branch of the dungeon, and saw 3 of its levels.

You collected 29 gold pieces.

Inventory:

Hand Weapons
 a - a +0 flail (weapon)
Missiles
 d - 3 throwing nets
 e - 4 javelins
 h - 6 boomerangs (quivered)
Armour
 b - a +0 leather armour (worn)
 c - a +0 helmet (worn)
Jewellery
 g - an amulet of regeneration (around neck)
Scrolls
 f - a scroll of blinking {unknown}
 i - a scroll of identify {unknown}


   Skills:
 + Level 2.2 Fighting
 + Level 4.5 Maces & Flails
 + Level 2.6 Throwing
 + Level 4.3 Dodging


You had 2 spell levels left.
You didn't know any spells.
Your spell library was empty.

Dungeon Overview and Level Annotations

Branches:
Dungeon (3/15) Zot: 1590

Altars:


Innate Abilities, Weirdness & Mutations

You passively map a small area around you.
You are easily found by Zot.
You glow in the dark.
You regain HP and MP as you explore.


Message History

Something hits you but does no damage.
You hear some strange, mumbled words.
A puff of flame appears from out of thin air!
The puff of flame hits you.
You bump into the rock wall.
You hear some strange, mumbled words.
A puff of flame appears from out of thin air!
The puff of flame hits you.
You feel less confused. Something hits you.
Things that are here:
a +0 hand axe; a +0 short sword You barely miss something.
Something barely misses you.
You miss something. Something hits you.
You barely miss something. Something hits you but does no damage.
You completely miss something. Something hits you.
Something hits you but does no damage.
You hit something but do no damage.
You hear some strange, mumbled words.
A magic dart appears from out of thin air!
The magic dart hits you.
You hit something. Something hits you.
You aren't carrying any potions.
You miss something. Something hits you.
You barely miss something. Something hits you.
You miss something.
You hear some strange, mumbled words.
A magic dart appears from out of thin air!
The magic dart hits you!
* * * LOW HITPOINT WARNING * * *
You aren't carrying any potions.
You closely miss something. Something hits you.
* * * LOW HITPOINT WARNING * * *
You barely miss something. Something hits you.
* * * LOW HITPOINT WARNING * * *
You closely miss something.
You hear some strange, mumbled words.
A puff of flame appears from out of thin air!
The puff of flame hits you!
You die...

* * #.# ,## #.#* .#
*,, #(# * .####
...###### #.# ..... *
........####.####.....
...####......#........
** , #...............
#.####.####..##<.....
#..{@..# ##.##......
#....##### *#.##......
#... , ,..........
#.., ** #.##...... #.
#.##...... # **
#.##...... , .###### ,
, ,


There were no monsters in sight!

Vanquished Creatures
  4 orcs (D:3)
  2 bats (D:2)
  2 giant cockroaches (D:2)
  2 goblins (D:2)
  2 hobgoblins (D:2)
  A kobold (D:2)
  A rat (D:2)
14 creatures vanquished.

Notes
Turn   | Place    | Note
-------+----------+-------------------------------------------
     0 | D:1      | hawla the Meteoran Gladiator began the quest for the Orb.
     0 | D:1      | Reached XP level 1. HP: 17/17 MP: 2/2
    70 | D:2      | Reached XP level 2. HP: 21/24 MP: 3/3
   173 | D:3      | Reached XP level 3. HP: 29/29 MP: 4/4
   199 | D:3      | Killed from afar by an orc wizard

Illustrated notes

Levels and vault maps discovered:
D:1:      dpeg_arrival_long_road, layout_loops_ring, serial_forest,
          infiniplex_forest_lined_3, infiniplex_forest_end_1,
          infiniplex_forest_join, infiniplex_forest_straight_4,
          corexii_item_surrounded_by_moat, kennysheep_nondescript,
          grunt_decor_junction
D:2:      cheibrodos_fertilizer, layout_basic, minmay_lizard_king, uniq_robin,
          uniq_sigmund
D:3:      layout_rooms, grunt_temple_overflow_bloody_war,
          worldfamousw_hep_ancestral_shrine, minmay_checkerbox

Skill      XL: |  1  2 |
---------------+-------+-----
Dodging        | 4 |  4.3
Fighting       | |  2.2
Maces & Flails | |  4.5
Throwing       | |  2.6

Action                     || total
---------------------------++-------
  Melee: Flail             ||    54
 Armour: Leather armour    ||    24
  Dodge: Dodged            ||    21
